 Dungeon Crawl Stone Soup version 0.22.1-1-ga44c0e5 (webtiles) character file.

394 Harpaggios the Insei (level 6, 0/47 HPs)
             Began as a Gnoll Transmuter on Oct 23, 2018.
             Was a Believer of Wu Jian.
             Slain by a centaur
             ... wielding a +0 whip
              (12 damage)
             ... on level 5 of the Dungeon.
             The game lasted 00:20:01 (5006 turns).

Harpaggios the Insei (Gnoll Transmuter)             Turns: 5006, Time: 00:20:02

Health: 0/47       AC:  3    Str: 12    XL:     6   Next: 81%
Magic:  23/23      EV: 15    Int: 17    God:    Wu Jian [**....]
Gold:   308        SH:  0    Dex: 16    Spells: 9/15 levels left

rFire    . . .     SeeInvis .     - Unarmed
rCold    . . .     Gourm    .   (no shield)
rNeg     . . .     Faith    .   b - +1 robe
rPois    .         Spirit   .   (no helmet)
rElec    .         Reflect  .   (no cloak)
rCorr    +         Harm     .   (no gloves)
MR       .....                  (boots currently unavailable)
Stlth    ++........             (no amulet)
HPRegen  0.15/turn              j - ring of resist corrosion
MPRegen  0.18/turn              i - ring of magical power

@: appendage (expiring)
A: distributed training, fangs 1, talons 3, mutation resistance 1, subdued magic
1, strong nose
a: End Transformation, Wall Jump, Renounce Religion


You were on level 5 of the Dungeon.
You worshipped Wu Jian.
Wu Jian was pleased with you.
You were not hungry.
You had grown temporary talons.
You visited 1 branch of the dungeon, and saw 5 of its levels.

You collected 308 gold pieces.

Inventory:

Missiles
 a - 17 arrows
Armour
 b - a +1 robe (worn)
Jewellery
 g - an uncursed ring of fire
 i - a ring of magical power (right hand)
 j - a ring of resist corrosion (left hand)
Scrolls
 c - 4 scrolls of identify
 h - 2 scrolls of teleportation
 l - a scroll of fog
 m - a scroll of magic mapping
 n - a scroll of amnesia {unknown}
 q - a scroll of enchant armour
Potions
 e - a potion of haste {unknown}
 k - 2 potions of brilliance
 o - a potion of flight
Comestibles
 d - 10 rations
 f - 2 chunks of flesh


   Skills:
 + Level 3.3 Fighting
 + Level 2.1 Short Blades
 + Level 2.1 Long Blades
 + Level 2.1 Axes
 + Level 2.1 Maces & Flails
 + Level 2.1 Polearms
 + Level 2.1 Staves
 + Level 2.1 Slings
 + Level 2.1 Bows
 + Level 2.1 Crossbows
 + Level 2.1 Throwing
 + Level 2.1 Armour
 + Level 5.0 Dodging
 + Level 2.1 Stealth
 + Level 2.1 Shields
 + Level 6.9 Unarmed Combat
 + Level 5.4 Spellcasting
 + Level 1.6 Conjurations
 + Level 1.6 Hexes
 + Level 1.6 Charms
 + Level 1.6 Summonings
 + Level 1.6 Necromancy
 + Level 1.6 Translocations
 + Level 4.1 Transmutations
 + Level 1.6 Fire Magic
 + Level 1.6 Ice Magic
 + Level 1.6 Air Magic
 + Level 1.6 Earth Magic
 + Level 1.6 Poison Magic
 + Level 2.3 Invocations
 + Level 2.1 Evocations


You had 9 spell levels left.
You knew the following spells:

 Your Spells              Type           Power        Failure   Level  Hunger
a - Beastly Appendage     Tmut           ##....       1%          1    None
b - Sticks to Snakes      Tmut           ##......     2%          2    #......
c - Spider Form           Tmut/Pois      ##........   10%         3    ##.....

Your spell library contained the following spells:

 Spells                   Type           Power        Failure   Level  Hunger
 Ice Form                 Ice/Tmut       ##......     34%         4    ####...
 Blade Hands              Tmut           ##........   52%         5    ######.


Dungeon Overview and Level Annotations

Branches:
Dungeon (5/15)             Temple (0/1) D:5

Altars:
Fedhas
Hepliaklqana
Nemelex Xobeh
Qazlal
Wu Jian


Innate Abilities, Weirdness & Mutations

Your experience applies equally to all skills.
You have very sharp teeth.
Your uncanny sense of smell can sniff out nearby items.
You have claws for feet.
You are somewhat resistant to further mutation.
Your spells are a little easier to cast, but a little less powerful.


Message History

Found a stone staircase leading down.
There is a stone staircase leading down here.
The centaur shouts!
The centaur drinks a potion.
The centaur goes berserk!
You hear a shout!
You hit the centaur but do no damage. Your kick misses the centaur.
The centaur hits you with a whip!
You hit the centaur but do no damage. Your kick misses the centaur.
Your bite misses the centaur. The centaur misses you.
The centaur closely misses you.
You barely miss the centaur. You claw the centaur, but do no damage.
Your transformation is almost over.
The centaur misses you. x2
You closely miss the centaur. The centaur hits you with a whip! x2
* * * LOW HITPOINT WARNING * * *
You barely miss the centaur.
You punch the centaur, but do no damage.
You bite the centaur, but do no damage. The centaur misses you.
The centaur hits you with a whip!
You die...

#.# #.#..!# #.# .#....
#.# .... . #.# #..# #.#
#.# #..# ..## #.#
#..####....# #.#
##...........
###.#######...>.##.#.#∆
................@c..>#
###.###.##......##.###
#.###.##.#...## #
#.....##......#
########........
##......## ##...#..
#######


You could see a centaur (berserk).

Vanquished Creatures
  A howler monkey (D:4)
  An orc wizard (D:4)
  Crazy Yiuf (D:3)
  An orc priest (D:4)
  A centaur skeleton (D:4)
  A gnoll shaman (D:4)
  A worker ant (D:5)
  3 gnolls (D:4)
  7 adders
  An ooze (D:3)
  An adder skeleton (D:4)
  2 worms
  2 leopard geckos
  9 orcs
  3 bats
  3 giant cockroaches
  15 goblins
  11 hobgoblins
  7 jackals
  5 kobolds
  3 ball pythons
  3 frilled lizards
  A leopard gecko skeleton (D:4)
  6 rats
89 creatures vanquished.

Vanquished Creatures (collateral kills)
  A gnoll (D:4)
  3 orcs
  A goblin (D:3)
5 creatures vanquished.

Grand Total: 94 creatures vanquished

Notes
Turn   | Place    | Note
-------+----------+-------------------------------------------
     0 | D:1      | Harpaggios the Gnoll Transmuter began the quest for the
                  | Orb.
     0 | D:1      | Reached XP level 1. HP: 17/17 MP: 6/6
   245 | D:1      | Reached XP level 2. HP: 23/23 MP: 5/7
  1079 | D:2      | Found a sparkling altar of Nemelex Xobeh.
  1085 | D:2      | Reached XP level 3. HP: 26/28 MP: 9/9
  1132 | D:2      | Found an ornate altar of the Wu Jian Council.
  1161 | D:2      | Became a worshipper of the Wu Jian Council
  1186 | D:2      | Found a hazy altar of Hepliaklqana.
  1257 | D:2      | Reached skill level 5 in Spellcasting
  1265 | D:2      | Reached skill level 1 in Invocations
  1830 | D:3      | Reached skill level 1 in Short Blades
  1830 | D:3      | Reached skill level 1 in Long Blades
  1830 | D:3      | Reached skill level 1 in Axes
  1830 | D:3      | Reached skill level 1 in Maces & Flails
  1830 | D:3      | Reached skill level 1 in Polearms
  1830 | D:3      | Reached skill level 1 in Staves
  1830 | D:3      | Reached skill level 1 in Slings
  1830 | D:3      | Reached skill level 1 in Bows
  1830 | D:3      | Reached skill level 1 in Crossbows
  1830 | D:3      | Reached skill level 1 in Throwing
  1830 | D:3      | Reached skill level 1 in Armour
  1830 | D:3      | Reached skill level 1 in Stealth
  1830 | D:3      | Reached skill level 1 in Shields
  1830 | D:3      | Reached skill level 1 in Evocations
  1834 | D:3      | Learned a level 2 spell: Sticks to Snakes
  1965 | D:3      | Reached XP level 4. HP: 29/34 MP: 11/11
  2689 | D:3      | Found a faded altar of an unknown god.
  2812 | D:3      | Reached * piety under Wu Jian
  2834 | D:3      | Reached skill level 1 in Conjurations
  2834 | D:3      | Reached skill level 1 in Hexes
  2834 | D:3      | Reached skill level 1 in Charms
  2834 | D:3      | Reached skill level 1 in Summonings
  2834 | D:3      | Reached skill level 1 in Necromancy
  2834 | D:3      | Reached skill level 1 in Translocations
  2834 | D:3      | Reached skill level 1 in Fire Magic
  2834 | D:3      | Reached skill level 1 in Ice Magic
  2834 | D:3      | Reached skill level 1 in Air Magic
  2834 | D:3      | Reached skill level 1 in Earth Magic
  2834 | D:3      | Reached skill level 1 in Poison Magic
  3042 | D:3      | Learned a level 3 spell: Spider Form
  3144 | D:3      | Reached XP level 5. HP: 36/40 MP: 12/12
  3327 | D:3      | Found a runed door.
  3335 | D:3      | Noticed Crazy Yiuf
  3365 | D:3      | Killed Crazy Yiuf
  3392 | D:3      | Gained mutation: Potions are less effective at restoring
                  | your health. [potion of mutation]
  3392 | D:3      | Gained mutation: You are somewhat resistant to further
                  | mutation. [potion of mutation]
  3920 | D:4      | Reached XP level 6. HP: 45/47 MP: 13/13
  4303 | D:4      | Reached skill level 5 in Dodging
  4319 | D:4      | Reached ** piety under Wu Jian
  4796 | D:5      | Entered Level 5 of the Dungeon
  4835 | D:5      | Found a blossoming altar of Fedhas.
  4841 | D:5      | Found a stormy altar of Qazlal.
  4855 | D:5      | Lost mutation: Potions are less effective at restoring your
                  | health. [potion of mutation]
  4855 | D:5      | Gained mutation: Your spells are a little easier to cast,
                  | but a little less powerful. [potion of mutation]
  4892 | D:5      | Found a staircase to the Ecumenical Temple.
  5006 | D:5      | Slain by a centaur

Skill      XL: |  1  2  3  4  5  6 |
---------------+-------------------+-----
Spellcasting   | 5 |  5.4
Invocations    | 1 2 |  2.3
Short Blades   | 1 2 |  2.1
Long Blades    | 1 2 |  2.1
Axes           | 1 2 |  2.1
Maces & Flails | 1 2 |  2.1
Polearms       | 1 2 |  2.1
Staves         | 1 2 |  2.1
Slings         | 1 2 |  2.1
Bows           | 1 2 |  2.1
Crossbows      | 1 2 |  2.1
Throwing       | 1 2 |  2.1
Armour         | 1 2 |  2.1
Stealth        | 1 2 |  2.1
Shields        | 1 2 |  2.1
Evocations     | 1 2 |  2.1
Conjurations   | 1 |  1.6
Hexes          | 1 |  1.6
Charms         | 1 |  1.6
Summonings     | 1 |  1.6
Necromancy     | 1 |  1.6
Translocations | 1 |  1.6
Fire Magic     | 1 |  1.6
Ice Magic      | 1 |  1.6
Air Magic      | 1 |  1.6
Earth Magic    | 1 |  1.6
Poison Magic   | 1 |  1.6
Fighting       | 3 |  3.3
Transmutations | 4 |  4.1
Dodging        | 5 |  5.0
Unarmed Combat | |  6.9

Action                   |  1- 3 |  4- 6 || total
-------------------------+-------+-------++-------
Melee: Unarmed           |    70 |   147 ||   217
       Headbutt          |     3 |     4 ||     7
       Bite              |     3 |     9 ||    12
       Kick              |     6 |    19 ||    25
       Punch             |     1 |     3 ||     4
 Cast: Beastly Appendage |    14 |    23 ||    37
       Sticks to Snakes  |       |    18 ||    18
       Spider Form       |       |     3 ||     3
Invok: Lunge             |     5 |    17 ||    22
       Whirlwind         |       |     4 ||     4
       Wall Jump         |       |     1 ||     1
  Use: Scroll            |     1 |    11 ||    12
       Potion            |       |     8 ||     8
 Stab: Sleeping          |     1 |       ||     1
       Distracted        |       |     1 ||     1
  Eat: Chunk             |     3 |    11 ||    14
Armor: Robe              |    11 |     8 ||    19
Dodge: Dodged            |    29 |    74 ||   103
